 Dungeon Crawl Stone Soup version 0.27-a0-679-g77a6b55cf3 (webtiles) character file.

Game seed: 15547973620429024540

1063 kae the Ruffian (level 8, -5/69 HPs)
             Began as a Naga Transmuter on Mar 18, 2021.
             Slain by an ice beast (7 damage)
             ... on level 5 of the Dungeon.
             The game lasted 00:05:37 (8570 turns).

kae the Ruffian (Naga Transmuter)                   Turns: 8570, Time: 00:05:38

Health: -5/69      AC:  2    Str: 14    XL:     8   Next: 27%
Magic:  12/13      EV: 20    Int: 14    God:
Gold:   213        SH:  0    Dex: 17    Spells: 6/14 levels left

rFire    . . .     SeeInvis +     - Unarmed
rCold    . . .     Faith    .   (shield currently unavailable)
rNeg     . . .     Spirit   .   (armour currently unavailable)
rPois    x         Reflect  .   (helmet currently unavailable)
rElec    .         Harm     .   (cloak currently unavailable)
rCorr    .         Rampage  .   (gloves currently unavailable)
Will     +....                  (no barding)
Stlth    ++........             (no amulet)
HPRegen  0.21/turn              (no ring)
MPRegen  0.13/turn              (no ring)

@: spider-form
A: venomous fangs, AC +2, tiny, see invisible, (deformed body), (poison
resistance), (slowness 2), spit poison 1, (naga tail 1)
a: Spit Poison, End Transformation


You were on level 5 of the Dungeon.
You were a venomous arachnid creature.
You visited 1 branch of the dungeon, and saw 5 of its levels.

You collected 213 gold pieces.

Inventory:

Armour
 a - a +0 robe (melded)
Scrolls
 d - a scroll of blinking
 e - a scroll of identify
 f - 2 scrolls of immolation
Potions
 b - a potion of mutation
 c - a potion of degeneration
 g - 2 potions of brilliance
 h - 3 potions of curing
 i - a potion of flight {unknown}


   Skills:
 + Level 3.2 Fighting
 + Level 3.0 Dodging
 * Level 5.5 Unarmed Combat
 + Level 3.5 Spellcasting
 * Level 5.0 Transmutations
 * Level 2.2 Ice Magic
 - Level 3.0 Poison Magic


You had 6 spell levels left.
You knew the following spells:

 Your Spells              Type           Power      Damage    Failure   Level
a - Beastly Appendage     Tmut           32%        N/A       10%         1
b - Spider Form           Tmut/Pois      6%         N/A       28%         3
c - Ice Form              Ice/Tmut       12%        N/A       65%         4

Your spell library contained the following spells:

 Spells                   Type           Power      Damage    Failure   Level
 Wereblood                Tmut           16%        N/A       13%         2
 Blade Hands              Tmut           8%         N/A       78%         5


Dungeon Overview and Level Annotations

Branches:
Dungeon (5/15)
 Temple: D:4-7

Altars:
Nemelex Xobeh
Trog

Annotations:
D:5 Ijyb


Innate Abilities, Weirdness & Mutations

You are a venomous arachnid creature.
You have poisonous fangs.
You are tiny and dextrous.
Your spellcasting is less reliable in this form.
Your armour is entirely melded.
You are incapable of wielding weapons or throwing items.
((Your serpentine skin is tough. (AC +2)))
You have supernaturally acute eyesight. (SInv)
((Armour fits poorly on your strangely shaped body.))
((Your system is resistant to poisons. (rPois)))
((You cover ground very slowly.))
You can spit poison.
((You have a snake-like lower body.))


Message History

You hit the ice beast.
The ice beast is severely wounded.
The orc completely misses you. The ice beast barely misses you.
You barely miss the ice beast.
The ice beast is severely wounded.
The orc completely misses you. The ice beast completely misses you.
You hit the ice beast but do no damage.
The ice beast is severely wounded.
The orc hits you from afar with a +0 trident!
The ice beast misses you.
You hit the ice beast.
The ice beast is severely wounded.
A leopard gecko zombie comes into view.
The orc hits you from afar with a +0 trident.
* * * LOW HITPOINT WARNING * * *
You hit the ice beast but do no damage.
The ice beast is severely wounded.
The ice beast misses you. The orc barely misses you.
You hit the ice beast.
The ice beast is severely wounded.
The shadow imp closely misses you. The ice beast closely misses you.
You completely miss the ice beast.
The ice beast is severely wounded.
The orc closely misses you. The shadow imp hits you.
* * * LOW HITPOINT WARNING * * *
The ice beast misses you.
You hit the ice beast.
The ice beast is almost dead.
The orc hits you from afar with a +0 trident.
* * * LOW HITPOINT WARNING * * *
The shadow imp closely misses you. The ice beast barely misses you.
You feel better.
The orc hits you from afar with a +0 trident!
* * * LOW HITPOINT WARNING * * *
The shadow imp hits you.
* * * LOW HITPOINT WARNING * * *
The ice beast hits you.
* * * LOW HITPOINT WARNING * * *
The ice beast freezes you!
You die...

......g# ##.#
......... ####
#..#
.........<
##..######<.#
#.....###..
##...........#
##..>.# #..
#..######....#
#####. #..
##.## ##....
#. #.. ###.##
#..##
##...##.>##
#..##
#..ZoYs.##
#..#
......5..#
#..#
........##
##..#
......###
#..## ..####
##.## . #..#
#..## ##..##
###.##


You could see an ice beast, a shadow imp, an orc and a leopard gecko zombie.

Vanquished Creatures
  Sigmund (D:3)
  An ogre (D:4)
  4 scorpions
  A howler monkey (D:3)
  2 hounds
  A centaur skeleton (D:5)
  3 orc priests (D:4)
  A bullfrog skeleton (D:4)
  2 orc wizards (D:4)
  2 worker ants (D:4)
  A hound skeleton (D:4)
  3 gnolls (D:3)
  9 adders
  A shadow imp (D:5)
  2 white imps (D:5)
  An adder skeleton (D:5)
  8 worms
  A dart slug (D:5)
  5 leopard geckos
  15 orcs
  9 bats
  4 giant cockroaches
  6 goblins
  8 hobgoblins
  9 jackals
  9 kobolds
  3 quokkas
  2 ball pythons
  8 frilled lizards
  A quokka skeleton (D:4)
  6 rats
129 creatures vanquished.

Vanquished Creatures (others)
  13 plants (D:4)
13 creatures vanquished.

Grand Total: 142 creatures vanquished

Notes
Turn   | Place    | Note
-------+----------+-------------------------------------------
     0 | D:1      | kae the Naga Transmuter began the quest for the Orb.
     0 | D:1      | Reached XP level 1. HP: 18/18 MP: 3/3
    38 | D:1      | Reached XP level 2. HP: 15/25 MP: 3/5
  1504 | D:2      | Reached XP level 3. HP: 31/31 MP: 6/6
  1508 | D:2      | Learned a level 3 spell: Spider Form
  1689 | D:2      | Reached skill level 1 in Poison Magic
  2077 | D:2      | Reached XP level 4. HP: 35/38 MP: 7/7
  3001 | D:3      | Noticed Sigmund
  3303 | D:3      | Killed Sigmund
  3304 | D:3      | Reached XP level 5. HP: 35/45 MP: 5/9
  3304 | D:3      | Reached XP level 6. HP: 40/52 MP: 5/10
  3652 | D:3      | Found a bloodstained altar of Trog.
  3661 | D:3      | Found a sparkling altar of Nemelex Xobeh.
  4997 | D:4      | Reached XP level 7. HP: 30/61 MP: 5/11
  5458 | D:4      | Learned a level 4 spell: Ice Form
  5838 | D:4      | Reached skill level 5 in Unarmed Combat
  6149 | D:4      | Reached skill level 1 in Ice Magic
  6717 | D:4      | Reached XP level 8. HP: 69/69 MP: 9/13
  7189 | D:5      | Entered Level 5 of the Dungeon
  8137 | D:5      | Noticed Ijyb
  8230 | D:5      | Reached skill level 5 in Transmutations
  8570 | D:5      | HP: 3/69 [shadow imp (2)]
  8570 | D:5      | Slain by an ice beast

Illustrated notes

Levels and vault maps discovered:
D:1:      onia_arrival_pyramid, layout_rooms
D:2:      layout_loops_cross
D:3:      minmay_recursive_quarters, layout_loops_ring,
          chequers_temple_overflow_statue_of_worship, uniq_sigmund
D:4:      layout_loops_ring, serial_bayou, serial_bayou_pond_c,
          serial_bayou_crossing, serial_bayou_pond_d, serial_bayou_ford_a,
          serial_bayou_pond_e, serial_bayou_lake_a, serial_park_tiny_2
D:5:      layout_layer_cave, uniq_ijyb

Skill      XL: |  1  2  3  4  5  6  7  8 |
---------------+-------------------------+-----
Poison Magic   | 1 2 3 |  3.0
Dodging        | 2 3 |  3.0
Transmutations | 3 4 5 |  5.0
Fighting       | 2 3 |  3.2
Unarmed Combat | 4 5 |  5.5
Spellcasting   | 3 |  3.5
Ice Magic      | 1 2 |  2.2

Action                   |  1- 3 |  4- 6 |  7- 9 || total
-------------------------+-------+-------+-------++-------
Melee: Unarmed           |    64 |   160 |   145 ||   369
       Headbutt          |    10 |     2 |       ||    12
       Punch             |     1 |     2 |       ||     3
 Cast: Beastly Appendage |    17 |    19 |       ||    36
       Spider Form       |       |    17 |    28 ||    45
 Abil: Spit Poison       |    39 |    32 |    19 ||    90
  Use: Scroll            |       |     7 |     3 ||    10
       Potion            |       |     2 |     2 ||     4
Armor: Robe              |     7 |    24 |     8 ||    39
       Skin              |       |     7 |     1 ||     8
Dodge: Dodged            |    49 |   129 |   127 ||   305

Table legend: (Time is in decaauts)
 A = Elapsed time spent in this place.
 B = Non-inter-level travel time spent in this place.
 C = Inter-level travel time spent in this place.
 D = Time resting spent in this place.
 E = Time spent auto-exploring this place.
 F = Levels seen in this place.
 G = Mean time per level.
                   A        B        C        D        E       F      G
               +--------+--------+--------+--------+--------+-----+--------+
         Total |   9907 |   9624 |    283 |    711 |   7745 |   5 | 1981.4 |
       Dungeon |   9907 |   9624 |    283 |    711 |   7745 |   5 | 1981.4 |
               +--------+--------+--------+--------+--------+-----+--------+

Top non-repeatable levels by time:
     D:4: 2949 daAuts
     D:2: 2089 daAuts
     D:3: 1949 daAuts
     D:1: 1578 daAuts
     D:5: 1341 daAuts
